Map: Disco Bloodbath LE

Players

abliviax - Winner!

  • Race: Protoss Protoss
  • League: Platinum
  • Spawn Location: 9:00

pHARM

  • Race: Zerg Zerg
  • League: Platinum
  • Spawn Location: 3:00

VOD

Have the link to the VOD?

Description

Time

  • Played on: Sept. 17, 2019, 12:03 a.m.
  • Length: 16:26
Show
View Real Time Build Order
Export as new Build Order

abliviax Protoss - Winner!

Build Orders: Zealot Archon 

Get SALT Encoding   

  12  0:01  Probe  
  13  0:13  Probe  
  14  0:18  Pylon  
  14  0:25  Probe  
  15  0:37  Probe  
  15  0:41  Gateway  
  16  0:54  Forge  
  16  0:56  Probe (Chrono Boost)  
  17  1:04  Pylon  
  17  1:13  Probe  
  17  1:14  Assimilator  
  18  1:27  Probe  
  19  1:39  Probe  
  20  1:42  Pylon  
  20  1:52  Photon Cannon  
  20  1:59  Photon Cannon  
  20  2:10  Photon Cannon  
  20  2:11  Photon Cannon  
  20  2:26  Pylon  
  20  2:32  Photon Cannon  
  20  2:34  Photon Cannon  
  20  2:36  Pylon  
  19  2:38  Pylon  
  19  2:50  Probe  
  19  3:02  Probe  
  20  3:12  Zealot (Chrono Boost)  
  22  3:26  Probe  
  23  3:29  Cybernetics Core  
  23  3:31  Assimilator  
  23  3:34  Pylon  
  23  3:38  Probe  
  23  3:40  Nexus  
  24  3:46  Photon Cannon  
  24  3:50  Probe  
  24  4:02  Probe  
  25  4:05  Zealot  
  27  4:14  Probe  
  28  4:26  Twilight Council, Probe  
  27  4:38  Probe  
  27  4:45  Robotics Facility  
  28  4:46  Gateway  
  28  4:49  Gateway  
  28  4:51  Probe (Chrono Boost)  
  29  4:54  Warp Gate  
  29  4:58  Shield Battery  
  29  4:59  Probe (Chrono Boost)  
  30  5:05  Charge (Chrono Boost)  
  31  5:09  Probe (Chrono Boost)  
  31  5:10  Probe (Chrono Boost)  
  32  5:15  Probe (Chrono Boost)  
  32  5:16  Probe (Chrono Boost)  
  34  5:25  Probe (Chrono Boost)  
  34  5:27  Probe (Chrono Boost)  
  36  5:33  Adept  
  38  5:37  Protoss Ground Weapons Level 1  
  38  5:40  Warp Prism  
  40  5:49  Gateway  
  40  5:52  Pylon  
  40  5:56  Probe  
  41  5:57  Probe  
  42  6:08  Probe  
  43  6:12  Gateway  
  43  6:17  Gateway  
  43  6:33  Gateway  
  43  6:51  Assimilator  
  43  6:54  Templar Archives  
  43  6:55  Assimilator  
  43  6:57  Zealot x4  
  51  7:07  Stalker  
  53  7:09  Shield Battery  
  53  7:13  Photon Cannon  
  53  7:15  Shield Battery  
  53  7:16  Probe  
  53  7:18  Zealot x3  
  53  7:19  Photon Cannon  
  58  7:26  Stalker  
  58  7:28  Stalker  
  58  7:29  Probe  
  61  7:33  Probe  
  60  7:41  Probe  
  53  7:46  High Templar  
  53  7:47  High Templar  
  53  7:49  Zealot x2  
  61  7:56  Archon  
  61  8:07  Pylon  
  61  8:10  Pylon  
  61  8:11  Pylon  
  61  8:25  Probe  
  62  8:28  Probe  
  63  8:37  Stalker  
  63  8:38  Stalker x4  
  63  8:39  Stalker  
  69  9:01  Probe x2  
  71  9:09  High Templar x2  
  75  9:10  Zealot  
  75  9:13  Probe  
  78  9:18  Pylon  
  78  9:19  Pylon, Protoss Ground Weapons Level 2 (Chrono Boost), Nexus  
  78  9:34  Photon Cannon  
  78  9:41  Photon Cannon  
  78  9:42  Photon Cannon  
  78  9:45  Photon Cannon  
  78  9:50  Pylon  
  78  10:00  Probe x2  
  78  10:12  Probe  
  78  10:14  Pylon  
  77  10:40  High Templar x5  
  77  10:41  Zealot  
  89  10:50  Probe x2  
  91  11:01  Probe  
  91  11:02  Probe x2  
  94  11:04  Warp Prism (Chrono Boost)  
  96  11:15  High Templar x2  
  96  11:16  Zealot x3  
  96  11:17  Zealot  
  108  11:19  Assimilator  
  108  11:20  Probe x3  
  111  11:25  Pylon  
  111  11:27  Archon x4  
  111  11:28  Protoss Ground Armor Level 1 (Chrono Boost)  
  111  11:37  Robotics Facility  
  111  11:41  Immortal, Gateway  
  111  11:44  Probe x3  
  118  11:49  Gateway  
  118  11:51  Gateway  
  118  11:53  High Templar  
  120  12:00  High Templar  
  122  12:03  Zealot x4  
  122  12:06  Archon  
  130  12:19  Pylon  
  130  12:20  Pylon  
  130  12:48  High Templar x3, Zealot  
  130  12:50  Zealot x4  
  146  12:54  Archon  
  146  13:11  Immortal  
  146  13:12  Immortal  
  108  13:38  Zealot  
  108  13:39  Zealot x6  
  108  13:53  Immortal x2 (Chrono Boost)  
  100  14:07  Zealot x4  
  100  14:08  Zealot x3  
  108  14:30  Immortal (Chrono Boost)  
  116  14:39  Immortal (Chrono Boost), Probe x3  
  116  14:44  Assimilator  
  119  14:55  High Templar x5  
  119  14:59  Archon x2  
  129  15:01  Zealot x2  
  129  15:02  Immortal  
  137  15:12  Immortal  
  141  15:26  Nexus  
  141  15:28  Assimilator  
  141  15:32  High Templar, Assimilator  
  141  15:33  Zealot x2  
  147  15:37  Archon  
  147  15:40  Pylon  
  147  15:41  Pylon  
  141  15:43  Pylon  
  135  16:03  Sentry x3  
  135  16:04  Sentry x2  
  145  16:06  Zealot x2  
Show
View Real Time Build Order
Export as new Build Order

pHARM Zerg 

Build Orders: Hatch First 

Get SALT Encoding   

  12  0:01  Drone  
  13  0:20  Overlord  
  13  0:22  Drone  
  14  0:38  Drone x2  
  16  0:58  Hatchery  
  16  0:59  Drone  
  16  1:00  Drone  
  17  1:04  Drone  
  18  1:19  Spawning Pool  
  18  1:20  Drone  
  18  1:33  Drone  
  19  1:49  Drone x2  
  21  2:06  Drone  
  22  2:09  Queen  
  22  2:10  Queen  
  26  2:22  Drone x2  
  26  2:58  Drone x2  
  27  3:04  Extractor  
  25  3:07  Roach Warren  
  22  3:14  Drone x5  
  22  3:16  Spine Crawler  
  26  3:29  Drone x2  
  28  3:40  Overlord x2  
  28  4:00  Drone x6  
  34  4:11  Drone x4  
  34  4:16  Lair  
  38  4:22  Queen  
  40  4:38  Drone x4  
  44  4:40  Extractor  
  44  4:43  Extractor  
  42  4:47  Drone x2  
  44  5:20  Spire  
  43  5:49  Extractor, Drone x2  
  44  5:50  Overlord  
  44  5:51  Overlord x3  
  44  6:08  Queen x2  
  48  6:13  Drone x5  
  53  6:28  Drone  
  53  6:32  Zerg Flyer Weapons Level 1, Mutalisk x4  
  54  6:33  Mutalisk x2  
  66  6:40  Mutalisk  
  68  6:48  Mutalisk  
  68  6:51  Overlord x3  
  69  7:17  Mutalisk x3  
  71  7:28  Drone  
  71  7:29  Drone x3  
  54  7:38  Drone  
  53  8:07  Drone x7  
  42  9:03  Roach x8  
  42  9:04  Roach x2  
  42  9:09  Drone  
  63  9:12  Evolution Chamber x2, Hatchery  
  60  9:30  Glial Reconstitution  
  60  9:34  Hatchery  
  59  9:39  Zerg Missile Weapons Level 1  
  59  9:42  Zerg Flyer Weapons Level 2  
  59  9:49  Roach x10  
  79  9:57  Zerg Ground Armor Level 1  
  67  10:23  Drone  
  67  10:24  Drone x7  
  67  10:43  Roach x3  
  67  10:44  Roach x6  
  67  10:48  Roach x3  
  91  10:56  Drone  
  92  11:01  Overlord x4  
  92  11:14  Overlord x3  
  92  11:33  Infestation Pit  
  91  11:40  Drone x4  
  91  11:44  Drone x13  
  91  11:45  Drone  
  109  12:05  Zerg Ground Armor Level 2, Zerg Missile Weapons Level 2  
  109  12:10  Hive  
  109  12:17  Extractor  
  109  12:18  Extractor  
  109  12:19  Drone  
  109  12:20  Drone x3  
  111  12:28  Roach x4  
  111  12:29  Roach x12  
  143  12:39  Hydralisk Den  
  142  12:45  Roach  
  142  12:46  Overlord x3  
  144  12:53  Overseer x4  
  138  13:12  Roach  
  138  13:13  Roach x12  
  125  13:26  Roach x6  
  116  13:31  Roach  
  116  13:33  Roach  
  92  13:36  Roach  
  86  13:42  Roach x2  
  86  13:47  Roach  
  86  13:48  Roach  
  88  13:51  Roach  
  76  13:59  Roach x3  
  64  14:05  Roach  
  58  14:17  Roach  
  58  14:18  Roach x4  
  62  14:28  Roach x3  
  68  14:54  Muscular Augments  
  68  14:59  Hydralisk  
  68  15:00  Hydralisk x5  
  68  15:04  Drone  
  68  15:05  Drone x2  
  83  15:07  Drone  
  83  15:09  Drone  
  83  15:11  Drone  
  86  15:34  Hydralisk x4  
  86  15:35  Hydralisk x2  
  82  15:54  Hydralisk x6  
Tags
 
Composition
Zealot Archon
Matchup
PvZ
Replay Pack
10.7.19
Spawn Locations
Cross Positions
Add a new tag
Caveats
  • Supply blocks, unpowered buildings, or Contaminate may cause inaccurate times.
  • Supply counts are checked every 10 seconds.